 Dungeon Crawl Stone Soup version 0.31-a0-940-gdaa99269f9 (webtiles) character file.

Game seed: 14628268726902429452

39 Azuregosa the Covert (level 3, -1/26 HPs)
             Began as an Octopode Delver on Oct 20, 2023.
             Succumbed to a scorpion's poison
             ... on level 5 of the Dungeon.
             The game lasted 00:01:24 (352 turns).

Azuregosa the Covert (Octopode Delver)               Turns: 352, Time: 00:01:24

Health: -1/26      AC:  1    Str: 11    XL:     3   Next: 45%
Magic:  3/3        EV: 13    Int: 12    God:
Gold:   51         SH:  0    Dex: 15    Spells: 2/2 levels left

rFire   . . .        b - +0 mace
rCold   . . .        (no shield)
rNeg    . . .        (helmet restricted)
rPois   .            (no amulet)
rElec   .            (no ring)
rCorr   .            (no ring)
SInv    .            (no ring)
Will    .....        (no ring)
Stlth   +++++        (no ring)
HPRegen 0.24/turn    (no ring)
MPRegen 0.08/turn    (no ring)
                     (no ring)

%: no passive effects
@: lethally poisoned (-1 -> -5)
A: almost no armour, amphibious, 8 rings, camouflage 1, gelatinous body 1,
(nimble swimmer 1), tentacles
a: no special abilities


You were on level 5 of the Dungeon.
You visited 1 branch of the dungeon, and saw 2 of its levels.

You collected 51 gold pieces.

Inventory:

Hand Weapons
 b - a +0 mace (weapon)
Magical Staves
 g - a staff of cold
Jewellery
 f - a ring of magical power
Wands
 e - a wand of digging (3)
Scrolls
 a - a scroll of fog
 c - a scroll of fear
Potions
 d - a potion of haste


   Skills:
 - Level 3.0 Fighting
 - Level 2.0 Dodging
 + Level 8.1 Stealth
 - Level 2.0 Unarmed Combat


You had 2 spell levels left.
You didn't know any spells.
Your spell library was empty.

Dungeon Overview and Level Annotations

Branches:
Dungeon (5/15)
 Temple: D:4-7

Altars:

Annotations:
D:4 Grinder


Innate Abilities, Weirdness & Mutations

You cannot wear most types of armour.
You are amphibious.
You can wear up to eight rings at the same time.
Your skin changes colour to match your surroundings (Stealth+).
Your rubbery body absorbs attacks. (AC +1, EV +1)
((You are camouflaged when in or above water. (Stealth+)))
You have tentacles for arms and can constrict up to eight enemies at once.


Message History

You hit the adder.
You kill the adder!
You feel sick.
You are no longer poisoned.
Your Stealth skill increases to level 8!
You start resting.
HP restored.
There is a stone staircase leading down here.
There is a stone staircase leading down here.
You now have 51 gold pieces (gained 16).
Found an escape hatch in the floor.
There is an escape hatch in the floor here.
Found a stone staircase leading down.
Found an escape hatch in the ceiling.
You open the large door.
A scorpion comes into view.
An adder and a scorpion come into view.
Found a mace.
There is a large open door here.
Found 13 gold pieces and a hand axe.
The scorpion stings you.
You hit the scorpion but do no damage. You grab the scorpion.
You constrict the scorpion. The scorpion stings you. x2
You are poisoned.
The scorpion poisons you!
You hit the scorpion.
You squeeze the scorpion, but do no damage.
The scorpion is moderately wounded.
You constrict the scorpion.
You feel very sick. The scorpion closely misses you. The scorpion stings you.
You hit the scorpion.
The scorpion is heavily wounded.
You constrict the scorpion, but do no damage.
* * * LOW HITPOINT WARNING * * *
You feel sick. The scorpion stings you.
* * * LOW HITPOINT WARNING * * *
You hit the scorpion.
The scorpion is severely wounded.
You constrict the scorpion.
You die...

*,,*,+,,,,,,,,,,,,,,,,+,*
*,**,+,,,....)$..,,,,,+.#
**,****,,,,..S).s.,,,,,#.#
,,,* *,,⌠**⌠....⌠**⌠,,#.#
*,,* *,,***#....#***,,#.#
*,,* *,.**##....##**..#.#
*,,****,.⌠##⌠....⌠##⌠..#.#
*,,,,,*,.........s.....#.#
,,,****,........@......#.#
,*,*##########''########.#
,..##..<.................#
*#.##.##.####.########÷..#
#.##.##.####.# ##.##
##............# #.#
......>.####### #.#
.#.##...# ####.####
.#.##...# #.......#


You could see 2 scorpions and an adder (asleep).

Vanquished Creatures
  A hound (D:5)
  An adder (D:5)
2 creatures vanquished.

Notes
Turn   | Place    | Note
-------+----------+-------------------------------------------
     0 | D:5      | Azuregosa the Octopode Delver began the quest for the Orb.
     0 | D:5      | Reached XP level 1. HP: 16/16 MP: 1/1
    66 | D:4      | Noticed Grinder
    66 | D:4      | Noticed a sky beast
   107 | D:5      | Noticed a hound
   112 | D:5      | Killed a hound
   113 | D:5      | Reached skill level 7 in Stealth
   113 | D:5      | Reached XP level 2. HP: 21/21 MP: 2/2
   113 | D:5      | Reached XP level 3. HP: 26/26 MP: 3/3
   193 | D:5      | Reached skill level 8 in Stealth
   346 | D:5      | Noticed a scorpion
   347 | D:5      | Noticed a scorpion
   351 | D:5      | HP: 1/26 [scorpion (5)]
   352 | D:5      | Succumbed to a scorpion's poison

Illustrated notes

Levels and vault maps discovered:
D:4:      layout_loops_ring, mainiacjoe_overflow_boulevard, uniq_grinder,
          uniq_menkaure
D:5:      layout_loops_cross, kennysheep_dice

Skill      XL: |  1  2  3 |
---------------+----------+-----
Stealth        | 7 8 |  8.1
Fighting       | |  3.0
Dodging        | |  2.0
Unarmed Combat | |  2.0

Action                     || total
---------------------------++-------
  Melee: Mace              ||     9
         Constrict         ||     3
         Tentacles         ||     2
         Punch             ||     1
    Use: Scroll            ||     1
   Stab: Sleeping          ||     1
 Armour: Skin              ||     8
  Dodge: Dodged            ||     6

Table legend: (Time is in decaauts)
 A = Elapsed time spent in this place.
 B = Non-inter-level travel time spent in this place.
 C = Inter-level travel time spent in this place.
 D = Time resting spent in this place.
 E = Time spent auto-exploring this place.
 F = Levels seen in this place.
 G = Mean time per level.
                   A        B        C        D        E       F      G
               +--------+--------+--------+--------+--------+-----+--------+
         Total |    355 |    355 |      0 |     84 |    189 |   2 |  177.5 |
       Dungeon |    355 |    355 |      0 |     84 |    189 |   2 |  177.5 |
               +--------+--------+--------+--------+--------+-----+--------+

Top non-repeatable levels by time:
     D:5: 351 daAuts
     D:4: 4 daAuts
